 Dungeon Crawl Stone Soup version 0.20.1-1-g8b1a95d (webtiles) character file.

2571 StormFighter the Martial Artist (level 9, -4/64 HPs)
             Began as a Black Draconian Transmuter on July 10, 2017.
             Was an Initiate of Vehumet.
             Slain by an orc wizard
             ... wielding a +0 dagger
              (5 damage)
             ... on level 7 of the Dungeon.
             The game lasted 00:14:41 (7033 turns).

StormFighter the Martial Artist (DrTm)              Turns: 7033, Time: 00:14:42

Health: -4/64      AC:  2    Str: 15    XL:     9   Next: 32%
Magic:  11/12      EV: 22    Int: 17    God:    Vehumet [......]
Gold:   237        SH:  0    Dex: 17    Spells: 6/12 levels left

rFire    . . .     SeeInvis .     - Unarmed
rCold    . . .     Gourm    .   (shield currently unavailable)
rNeg     . . .     Faith    .   (armour unavailable)
rPois    x         Spirit   .   (helmet currently unavailable)
rElec    .         Reflect  .   (cloak currently unavailable)
rCorr    .         Harm     .   (gloves currently unavailable)
MR       .....                  (boots currently unavailable)
Stlth    ++........             x - amulet of magic regeneration
Regen    0.2/turn               s - +3 ring of strength
MPRegen  0.2/turn               (no ring)

@: spider-form
A: (breathe lightning), unfitting armour, AC +7
a: End Transformation, Renounce Religion


You were on level 7 of the Dungeon.
You worshipped Vehumet.
Vehumet was noncommittal.
You were not hungry.
You were a venomous arachnid creature.
You visited 2 branches of the dungeon, and saw 8 of its levels.
You also visited: Ossuary.

You collected 237 gold pieces.

Inventory:

Missiles
 a - 32 arrows
Armour
 q - a +0 cloak (melded)
 v - a +0 buckler
 D - a +0 shield
Jewellery
 s - a +3 ring of strength (left front leg)
 x - an amulet of magic regeneration (around neck)
Wands
 j - a wand of flame (24/48)
 u - a wand of confusion (22/48)
Scrolls
 e - 2 scrolls of immolation
 g - a scroll of fear
 h - 7 scrolls of identify
 i - a scroll of enchant weapon
 y - a scroll of teleportation
 A - 3 scrolls of random uselessness
 E - a scroll of amnesia {unknown}
Potions
 d - 3 potions of lignification {unknown}
 k - 2 potions of mutation {unknown}
 m - a potion of heal wounds {unknown}
 n - a potion of agility {unknown}
 o - 2 potions of might {unknown}
 p - 8 potions of degeneration {unknown}
 r - 8 potions of curing {unknown}
 t - a potion of resistance {unknown}
 w - a potion of brilliance {unknown}
 B - a potion of flight {unknown}
 C - 3 potions of ambrosia {unknown}
Books
 b - a book of Changes

   Spells                             Type                      Level
   a - Beastly Appendage              Transmutation                1
   b - Sticks to Snakes               Transmutation                2
   c - Spider Form                    Transmutation/Poison         3
   d - Ice Form                       Ice/Transmutation            4
   e - Blade Hands                    Transmutation                5
Comestibles
 c - 2 bread rations
 f - 5 fruits
 l - 5 meat rations


   Skills:
 - Level 1.1 Fighting
 + Level 4.5 Dodging
 + Level 9.4 Unarmed Combat
 - Level 2.0 Spellcasting
 + Level 7.8 Transmutations
 - Level 1.7 Poison Magic


You had 6 spell levels left.
You knew the following spells:

 Your Spells              Type           Power        Failure   Level  Hunger
a - Beastly Appendage     Tmut           ####..       4%          1    #......
b - Sticks to Snakes      Tmut           ####....     5%          2    ###....
c - Spider Form           Tmut/Pois      ###.......   22%         3    ###....


Dungeon Overview and Level Annotations

Branches:
Dungeon (7/15)             Temple (1/1) D:6

Altars:
Ashenzari
Dithmenos
Fedhas
Gozag
Hepliaklqana
Kikubaaqudgha
Makhleb
Nemelex Xobeh
Okawaru
Qazlal
Ru
Sif Muna
Trog
Uskayaw
Vehumet
Xom
Yredelemnul
Zin
The Shining One

Shops:
D:5 (

Annotations:
D:4 exclusion: downstairs


Innate Abilities, Weirdness & Mutations

((You can breathe wild blasts of lightning.))
((Your glossy black scales are hard. (AC +7)))
You cannot fit into any form of body armour.
((You are resistant to electric shocks. (rElec)))
((You are cold-blooded and may be slowed by cold attacks.))


Message History

The gnoll misses you. The orc wizard completely misses you.
The gnoll hits you with a whip.
* * * LOW HITPOINT WARNING * * *
You bite the orc!
You kill the orc!
Vehumet accepts your kill. The orc priest misses you.
The gnoll barely misses you. The gnoll hits you with a flail!
* * * LOW HITPOINT WARNING * * *
The orc priest calls upon Beogh to heal the orc priest.
The orc priest is healed somewhat.
The gnoll hits you with a whip.
* * * LOW HITPOINT WARNING * * *
You hit the orc priest but do no damage.
The orc priest is poisoned.
The orc priest is heavily wounded.
You feel less confused. The gnoll completely misses you.
The orc priest looks braver for a moment.
The orc wizard hits you with a dagger.
You die...

...............
.......$........
................
.................
....?............
.................
#................
#......gog......
##....sg.....##
## ##...oo...###
##.### ##.....###
##....#####.#.###
##...<...##..###
#......).)#.##
#...........#
#.......)))..#
#.............#


You could see 2 orc priests, an orc wizard and 3 gnolls.

Vanquished Creatures
  A two-headed ogre (D:6)
  The ghost of Oddysee the Pure, an amateur DsAK of Lugonu (D:5)
  Edmund (D:6)
  A water moccasin (D:5)
  An ice beast (D:5)
  A phantom (D:4)
  2 ogres (D:5)
  2 bullfrogs
  2 scorpions
  A bullfrog zombie (D:6)
  2 centaur zombies (Ossuary)
  A crimson imp (D:5)
  4 hounds
  3 jellies
  Crazy Yiuf (D:2)
  2 orc priests (D:7)
  5 orc wizards
  A bullfrog skeleton (D:4)
  Ijyb (D:5)
  A worker ant (D:6)
  2 big kobold zombies (Ossuary)
  5 mummies (Ossuary)
  A howler monkey skeleton (D:4)
  3 adders
  4 dart slugs
  A leopard gecko (D:1)
  9 orcs
  5 giant cockroaches
  9 goblins
  11 hobgoblins
  8 jackals
  2 quokkas (D:4)
  2 ball pythons
  8 bats
  6 frilled lizards
  A hobgoblin zombie (Ossuary)
  2 kobolds
  2 kobold zombies (Ossuary)
  A leopard gecko skeleton (D:5)
  An orc zombie (Ossuary)
  5 rats (D:1)
  A fungus (D:2)
123 creatures vanquished.

Vanquished Creatures (collateral kills)
  Grinder (D:6)
1 creature vanquished.

Grand Total: 124 creatures vanquished

Notes
Turn   | Place    | Note
-------+----------+-------------------------------------------
     0 | D:1      | StormFighter the Draconian Transmuter began the quest for the Orb.
     0 | D:1      | Reached XP level 1. HP: 16/16 MP: 3/3
   345 | D:1      | Reached XP level 2. HP: 23/23 MP: 3/5
   655 | D:1      | Reached skill level 4 in Unarmed Combat
   737 | D:1      | Reached XP level 3. HP: 24/28 MP: 4/6
  1625 | D:2      | Reached XP level 4. HP: 35/35 MP: 5/7
  1763 | D:2      | Found a shadowy altar of Dithmenos.
  1763 | D:2      | Found a faded altar of an unknown god.
  1775 | D:2      | Found a bloodstained altar of Trog.
  1778 | D:2      | Found a faded altar of an unknown god.
  1780 | D:2      | Found a glowing golden altar of the Shining One.
  1865 | D:2      | Reached skill level 5 in Unarmed Combat
  2017 | D:2      | Learned a level 2 spell: Sticks to Snakes
  2021 | D:2      | Learned a level 3 spell: Spider Form
  2025 | D:2      | Found a runed door.
  2030 | D:2      | Noticed Crazy Yiuf
  2036 | D:2      | Killed Crazy Yiuf
  2769 | D:4      | Reached XP level 5. HP: 38/40 MP: 4/8
  2890 | D:4      | Noticed a phantom
  2982 | D:4      | Killed a phantom
  3172 | D:4      | Reached skill level 6 in Unarmed Combat
  3172 | D:4      | Reached XP level 6. HP: 27/47 MP: 5/9
  3749 | D:5      | Entered Level 5 of the Dungeon
  3749 | D:5      | Noticed Oddysee's ghost (amateur DsAK)
  3862 | D:5      | Noticed a water moccasin
  3882 | D:5      | Killed a water moccasin
  3882 | D:5      | Your scales start taking on a glossy black colour.
  3882 | D:5      | Reached XP level 7. HP: 27/52 MP: 2/10
  3882 | D:5      | Gained mutation: You are resistant to electric shocks. (rElec) [Black Draconian growth]
  3971 | D:5      | Noticed Ijyb
  3977 | D:5      | Killed Ijyb
  4001 | D:5      | Reached skill level 7 in Unarmed Combat
  4001 | D:5      | Reached skill level 5 in Transmutations
  4079 | D:5      | Killed Oddysee's ghost
  4432 | D:5      | Reached XP level 8. HP: 59/59 MP: 9/11
  4521 | D:5      | Found Qankumm's Weapon Boutique.
  4604 | D:5      | Reached skill level 8 in Unarmed Combat
  4933 | D:6      | Found a sand-covered staircase.
  4938 | Ossuary  | Entered an ossuary
  5314 | Ossuary  | Reached skill level 1 in Poison Magic
  5936 | D:6      | Noticed Edmund
  5958 | D:6      | Killed Edmund
  6048 | D:6      | Noticed Grinder
  6058 | D:6      | Killed Grinder
  6128 | D:6      | Noticed a two-headed ogre
  6144 | D:6      | Killed a two-headed ogre
  6144 | D:6      | Reached skill level 9 in Unarmed Combat
  6144 | D:6      | Reached XP level 9. HP: 12/64 MP: 2/12
  6430 | D:6      | Found a staircase to the Ecumenical Temple.
  6676 | Temple   | Entered the Ecumenical Temple
  6794 | Temple   | Became a worshipper of Vehumet
  7032 | D:7      | HP: 1/64 [gnoll/whip (5)]
  7033 | D:7      | Slain by an orc wizard

Skill      XL: |  1  2  3  4  5  6  7  8 |
---------------+-------------------------+-----
Unarmed Combat | 4 5 6 7 9 |  9.4
Transmutations | 3 4 6 7 |  7.8
Dodging        | 4 |  4.5
Poison Magic   | 1 |  1.7
Fighting       | |  1.1
Spellcasting   | |  2.0

Action                   |  1- 3 |  4- 6 |  7- 9 || total
-------------------------+-------+-------+-------++-------
Melee: Unarmed           |   137 |   141 |   201 ||   479
       Tailslap          |     8 |    12 |     5 ||    25
       Headbutt          |     5 |     4 |     3 ||    12
       Kick              |     3 |     9 |     6 ||    18
 Cast: Beastly Appendage |    24 |    10 |     7 ||    41
       Spider Form       |       |     7 |    24 ||    31
       Sticks to Snakes  |       |     5 |     6 ||    11
  Use: Scroll            |       |       |     9 ||     9
 Stab: Sleeping          |       |     1 |       ||     1
  Eat: Chunk             |     3 |     7 |    10 ||    20
       Royal jelly       |       |       |     2 ||     2
       Fruit             |       |       |     2 ||     2
Armor: Skin              |    44 |    25 |    18 ||    87
Dodge: Dodged            |    86 |    87 |   116 ||   289
